 Dungeon Crawl Stone Soup version 0.28-a0-268-g3f656e82c2 (webtiles) character file.

Game seed: 10048431833137389116

239 theanonym the Skirmisher (level 5, -2/43 HPs)
             Began as a Mummy Delver on Aug 29, 2021.
             Was an Initiate of Gozag.
             Slain by a black bear (6 damage)
             ... on level 4 of the Dungeon.
             The game lasted 00:10:29 (5825 turns).

theanonym the Skirmisher (Mummy Delver)             Turns: 5825, Time: 00:10:30

Health: -2/43      AC: 10    Str: 16    XL:     5   Next: 79%
Magic:  5/5        EV:  7    Int:  9    God:    Gozag
Gold:   58         SH:  0    Dex: 14    Spells: 4/4 levels left

rFire   x . .      SeeInvis .   a - +1 spear
rCold   + . .      Faith    .   (no shield)
rNeg    + + +      Spirit   .   j - +0 chain mail
rPois   ∞          Reflect  .   e - +1 helmet
rElec   .          Harm     .   (no cloak)
rCorr   .          Rampage  .   (no gloves)
Will    .....                   (no boots)
Stlth   ..........              (no amulet)
HPRegen 0.14/turn               (no ring)
MPRegen 0.09/turn               (no ring)

@: no status effects
A: cold resistance 1, negative energy resistance 3, torment resistance 2, heat
vulnerability 1, no potions
a: Renounce Religion, Potion Petition, Call Merchant, Bribe Branch


Innate Abilities, Weirdness & Mutations

You are immune to poison.
Your flesh is cold resistant. (rC+)
You are immune to negative energy. (rN+++)
You are immune to unholy pain and torment.
You are vulnerable to heat. (rF-)
You do not drink.


   Skills:
 + Level 4.4 Fighting
 * Level 4.2 Polearms
 - Level 1.5 Dodging
 - Level 4.1 Stealth


You had 4 spell levels left.
You didn't know any spells.
Your spell library contained the following spells:

 Spells                   Type           Power      Damage    Failure   Level
 Blink                    Tloc           N/A        N/A       100%        2
 Corpse Rot               Necr/Air       N/A        N/A       100%        2
 Gell's Gravitas          Tloc           0%         N/A       100%        3
 Lesser Beckoning         Tloc           0%         N/A       100%        3
 Ozocubu's Armour         Ice            0%         N/A       100%        3
 Portal Projectile        Hex/Tloc       0%         N/A       100%        3
 Stone Arrow              Conj/Erth      0%         3d7       100%        3
 Teleport Other           Tloc           0%         N/A       100%        3
 Dispel Undead            Necr           0%         3d6       100%        4
 Petrify                  Tmut/Erth      0%         N/A       100%        4
 Bolt of Magma            Conj/Fire/Erth 0%         4d4       100%        5
 Excruciating Wounds      Necr           0%         N/A       100%        5
 Irradiate                Conj/Tmut      0%         3d13      100%        5
 Manifold Assault         Tloc           0%         N/A       100%        5
 Death Channel            Necr           0%         N/A       100%        6
 Dispersal                Tloc           0%         N/A       100%        6
 Ozocubu's Refrigeration  Ice            0%         4d5       100%        7
 Disjunction              Tloc           0%         N/A       100%        8
 Shatter                  Erth           0%         3d5*      100%        9
 Sublimation of Blood     Necr           Unusable   N/A       N/A         2
 Blade Hands              Tmut           Unusable   N/A       N/A         5
 Storm Form               Tmut/Air       Unusable   N/A       N/A         7

Skill      XL: |  1  2  3  4  5 |
---------------+----------------+-----
Polearms       | 2 3 4 |  4.2
Fighting       | 4 |  4.4
Dodging        | |  1.5
Stealth        | |  4.1

Action                   |  1- 3 |  4- 6 || total
-------------------------+-------+-------++-------
Melee: Spear             |   128 |   382 ||   510
  Use: Scroll            |       |     6 ||     6
 Stab: Sleeping          |     4 |     6 ||    10
Armor: Leather armour    |     6 |       ||     6
       Ring mail         |    28 |    61 ||    89
       Chain mail        |       |   100 ||   100
Dodge: Dodged            |    69 |   185 ||   254

Inventory:

Hand Weapons
 a - a +1 spear (weapon)
Armour
 e - a +1 helmet (worn)
 j - a +0 chain mail (worn)
Wands
 c - a wand of digging (3)
Scrolls
 d - a scroll of noise
 f - 3 scrolls of fog
 y - a scroll of magic mapping


You were on level 4 of the Dungeon.
You worshipped Gozag.
Gozag was noncommittal.
You visited 1 branch of the dungeon, and saw 5 of its levels.

You collected 125 gold pieces.
You paid 67 gold pieces to Gozag.

Dungeon Overview and Level Annotations

Branches:
Dungeon (5/15)
 Temple: D:4-7

Altars:
Gozag

Shops:
D:4 *

Annotations:
D:3 Ijyb
D:4 Eustachio
D:5 exclusions: phantom and water moccasin

#.........##..........##......##≈
###.......##..........##......##≈
. #...................##......##≈
# ###.##.......###....#..........
#............+....#..........
###............#..o............
#.......@......#...............
###..#.........rr#...............
#....#........§b@hb..............
#....#.#.#.....§5#5..............
@....#.#......)..#.####..........
..................r..##..........
......>.....#........##..........
............#........##..........
............#......#.............
..#.............##.#.........##..
..#..............#'#.........##..


You could see Eustachio, a black bear, an orc wizard, a crimson imp (summoned),
2 river rats, a shadow imp (summoned) and 2 bats.

Notes
Turn   | Place    | Note
-------+----------+-------------------------------------------
     0 | D:5      | theanonym the Mummy Delver began the quest for the Orb.
     0 | D:5      | Reached XP level 1. HP: 18/18 MP: 1/1
    34 | D:5      | Noticed a water moccasin
    40 | D:5      | Noticed a hound
    52 | D:5      | HP: 9/18 [hound (2)]
    54 | D:5      | Killed a hound
    55 | D:5      | Reached skill level 2 in Polearms
    55 | D:5      | Reached XP level 2. HP: 12/24 MP: 2/2
    55 | D:5      | Reached XP level 3. HP: 14/29 MP: 3/3
   222 | D:5      | Noticed a phantom
   331 | D:5      | Noticed an ice beast
  1045 | D:1      | Reached skill level 3 in Polearms
  1560 | D:2      | Reached XP level 4. HP: 37/37 MP: 4/4
  2119 | D:2      | Found a faded altar of an unknown god.
  2496 | D:3      | Noticed Robin
  2508 | D:3      | HP: 16/37 [hobgoblin (5)]
  2711 | D:3      | Noticed Ijyb
  2867 | D:3      | Reached skill level 4 in Fighting
  2994 | D:3      | HP: 18/37 [goblin[Robin] (2)]
  3408 | D:3      | Killed Robin
  3409 | D:3      | Reached XP level 5. HP: 25/42 MP: 5/5
  3409 | D:3      | HP: 20/42 [hobgoblin[Robin] (5)]
  4237 | D:4      | Noticed a black bear
  4350 | D:4      | Reached skill level 4 in Polearms
  4350 | D:4      | Noticed an orc warrior
  4612 | D:4      | Noticed Eustachio
  4635 | D:4      | HP: 19/43 [Eustachio (8)]
  4837 | D:4      | Noticed an ogre
  4838 | D:4      | HP: 11/43 [ogre (19)]
  5296 | D:4      | Found an opulent altar of Gozag.
  5300 | D:4      | Found Gozag's Platinum Reserve.
  5305 | D:4      | Became a worshipper of Gozag Ym Sagoz the Greedy
  5344 | D:4      | HP: 16/43 [iguana (7)]
  5355 | D:4      | HP: 10/43 [iguana (6)]
  5357 | D:4      | HP: 2/43 [iguana (8)]
  5814 | D:4      | HP: 21/43 [river rat[Eustachio] (1)]
  5819 | D:4      | HP: 15/43 [bat[Eustachio] (1)]
  5823 | D:4      | HP: 6/43 [river rat[Eustachio] (2)]
  5825 | D:4      | Slain by a black bear

Vanquished Creatures
  A hound (D:5)
  An iguana (D:4)
  An orc wizard (D:4)
  Robin (D:3)
  4 adders
  An ufetubus (D:4)
  3 adder skeletons
  A worm (D:4)
  3 dart slugs
  2 orcs (D:3)
  6 endoplasms
  5 giant cockroaches
  10 goblins
  8 hobgoblins
  7 jackals
  7 kobolds
  3 quokkas
  7 ball pythons
  3 bats
  7 frilled lizards
  5 rats
86 creatures vanquished.

Vanquished Creatures (collateral kills)
  A hobgoblin (D:4)
1 creature vanquished.

Grand Total: 87 creatures vanquished

Table legend: (Time is in decaauts)
 A = Elapsed time spent in this place.
 B = Non-inter-level travel time spent in this place.
 C = Inter-level travel time spent in this place.
 D = Time resting spent in this place.
 E = Time spent auto-exploring this place.
 F = Levels seen in this place.
 G = Mean time per level.
                   A        B        C        D        E       F      G
               +--------+--------+--------+--------+--------+-----+--------+
         Total |   5802 |   5413 |    389 |   1978 |   2103 |   5 | 1160.4 |
       Dungeon |   5802 |   5413 |    389 |   1978 |   2103 |   5 | 1160.4 |
               +--------+--------+--------+--------+--------+-----+--------+

Top non-repeatable levels by time:
     D:3: 2353 daAuts
     D:2: 1254 daAuts
     D:1: 1138 daAuts
     D:4: 717 daAuts
     D:5: 338 daAuts
